 Dungeon Crawl Stone Soup version 0.30-a0-718-geaa24f58ff (webtiles) character file.

Game seed: 3896438578504345614

144 oldriver the Trooper (level 5, -16/45 HPs)
             Began as a Ghoul Gladiator on Jan 25, 2023.
             Demolished by an orc priest
             ... wielding a +2 dagger of electrocution
              (18 damage)
             ... on level 4 of the Dungeon.
             The game lasted 00:02:42 (2965 turns).

oldriver the Trooper (Ghoul Gladiator)              Turns: 2965, Time: 00:02:42

Health: -16/45     AC: 12    Str: 20    XL:     5   Next: 26%
Magic:  4/4        EV:  6    Int:  3    God:
Gold:   139        SH:  0    Dex: 10    Spells: 4/4 levels left

rFire   . . .      SeeInvis .      - Unarmed
rCold   + . .      Faith    .    (no shield)
rNeg    + + +      Spirit   .    m - +0 plate armour
rPois   ∞          Reflect  .    b - +0 helmet
rElec   .          Harm     .    (no cloak)
rCorr   .          Rampage  .    (no gloves)
Will    .....                    r - +0 pair of boots Stlth
                                 (no amulet)
HPRegen 0.00/turn                j - ring of fire
MPRegen 0.09/turn                l - ring of ice

@: inhibited regen
A: claws 1, cold resistance 1, negative energy resistance 3, inhibited
regeneration, torment resistance 2, devour on kill
a: no special abilities


You were on level 4 of the Dungeon.
You visited 1 branch of the dungeon, and saw 4 of its levels.

You collected 139 gold pieces.

Inventory:

Missiles
 c - 4 throwing nets (quivered)
 d - a javelin
 p - 3 poisoned darts
 q - 31 stones
Armour
 b - a +0 helmet (worn)
 m - a +0 plate armour (worn)
 r - a +0 pair of boots (worn)
Jewellery
 j - a ring of fire (left claw)
 l - a ring of ice (right claw)
Scrolls
 e - a scroll of enchant weapon {unknown}
 f - a scroll of identify {unknown}
 o - a scroll of noise {unknown}
 t - a scroll of fog {unknown}
 u - a scroll of vulnerability {unknown}
 v - a scroll of blinking {unknown}
 x - a scroll of teleportation {unknown}
Potions
 a - a potion of flight {unknown}
 g - a potion of ambrosia {unknown}
 h - 2 potions of haste {unknown}
 i - a potion of degeneration {unknown}
 k - a potion of berserk rage {unknown}
 n - 2 potions of curing {unknown}
 s - a potion of magic {unknown}
 w - 2 potions of heal wounds {unknown}


   Skills:
 + Level 3.4 Fighting
 + Level 2.8 Throwing
 + Level 1.2 Armour
 - Level 3.0 Dodging
 + Level 2.7 Stealth
 - Level 3.2 Unarmed Combat


You had 4 spell levels left.
You didn't know any spells.
Your spell library contained the following spells:

 Spells                   Type           Power      Damage    Failure   Level
 Summon Small Mammal      Summ           0%         N/A       100%        1
 Call Canine Familiar     Summ           0%         N/A       100%        3
 Portal Projectile        Hex/Tloc       0%         N/A       100%        3
 Summon Guardian Golem    Hex/Summ       0%         N/A       100%        3
 Tukima's Dance           Hex            0%         N/A       100%        3
 Manifold Assault         Tloc           0%         N/A       100%        4
 Passage of Golubria      Tloc           0%         N/A       100%        4
 Yara's Violent Unravell  Hex/Tmut       0%         3d3       100%        5
 Dispersal                Tloc           0%         N/A       100%        6
 Disjunction              Tloc           0%         N/A       100%        8
 Blade Hands              Tmut           Unusable   N/A       N/A         5

Dungeon Overview and Level Annotations

Branches:
Dungeon (4/15)
 Temple: D:4-7

Altars:
Vehumet


Innate Abilities, Weirdness & Mutations

You are immune to poison.
You have sharp fingernails.
Your flesh is cold resistant. (rC+)
You are immune to negative energy. (rN+++)
You do not regenerate when monsters are visible.
You are immune to unholy pain and torment.
You thrive by killing the living.


Message History

The orc hits you with a +2 whip of venom!
You barely miss the orc. The orc barely misses you.
You scratch the orc.
The orc is heavily wounded.
The orc hits you but does no damage.
You claw the orc!
You kill the orc!
You feel better.
An orc comes into view. It is wielding a +0 mace.
The orc shouts!
Things that are here:
a +2 whip of venom; a +0 leather armour; an orc corpse You closely miss the orc.
The orc hits you but does no damage.
You barely miss the orc. You scratch the orc.
The orc is heavily wounded.
The orc hits you but does no damage.
You claw the orc!
You kill the orc!
You feel better.
Things that are here:
a +0 mace; a +0 leather armour; an orc corpse An orc priest comes into view.
It is wielding a +2 dagger of electrocution.
The orc priest shouts!
The orc priest calls down the wrath of Beogh upon you.
Beogh smites you!
An orc priest is nearby!
An orc priest is nearby!
The orc priest hits you with a +2 dagger of electrocution.
You are electrocuted!
You scratch the orc priest but do no damage.
The orc priest looks satisfied for a moment.
You scratch the orc priest but do no damage.
The orc priest hits you with a +2 dagger of electrocution.
You are electrocuted!
* * * LOW HITPOINT WARNING * * *
You scratch the orc priest but do no damage.
The orc priest hits you but does no damage.
You are electrocuted!!
You die...

#...# .. ###.# ##.#
#.# .#.. #.# ...
#.# ..# #.# ####.##
#.# #.#...# #.#
#.@o⌠.# #.# #)#...#
###.#
#)#############....
#)# #..............
#.# #.#.##..###....
#.# #.#.##..# ##...
#.###.#.##..#####.#
#.......##........#
#####.###########.#


You could see an orc priest.

Vanquished Creatures
  An orc priest (D:4)
  An orc wizard (D:4)
  4 adders
  A worm (D:2)
  2 dart slugs (D:1)
  5 orcs (D:4)
  3 ball pythons (D:1)
  2 bats
  4 endoplasms
  2 giant cockroaches
  A goblin (D:3)
  2 hobgoblins
  2 jackals (D:2)
  3 kobolds
  3 quokkas
  4 frilled lizards
  3 rats
43 creatures vanquished.

Notes
Turn   | Place    | Note
-------+----------+-------------------------------------------
     0 | D:1      | oldriver the Ghoul Gladiator began the quest for the Orb.
     0 | D:1      | Reached XP level 1. HP: 17/17 MP: 0/0
   231 | D:1      | You fall into a shaft and drop 1 floor!
   292 | D:1      | Reached XP level 2. HP: 25/25 MP: 1/1
   502 | D:1      | Reached skill level 1 in Stealth
  1050 | D:2      | Reached XP level 3. HP: 30/30 MP: 2/2
  1084 | D:2      | Found a radiant altar of Vehumet.
  2024 | D:3      | Reached XP level 4. HP: 38/38 MP: 3/3
  2652 | D:4      | Reached skill level 1 in Armour
  2948 | D:4      | Reached XP level 5. HP: 43/45 MP: 4/4
  2964 | D:4      | HP: 2/45 [orc priest/+2 dagger of electrocution (12)]
  2965 | D:4      | Demolished by an orc priest

Illustrated notes

Levels and vault maps discovered:
D:1:      dpeg_arrival_houses_and_road, layout_basic
D:2:      layout_basic, basic_altar, chequers_serial_rivers_large_a
D:3:      layout_loops_cross
D:4:      layout_loops_corners, jmf_multi_god_temple2,
          minmay_temple_entry_nine_rooms, reono_crystal_passage,
          patterned_corridor

Skill      XL: |  1  2  3  4 |
---------------+-------------+-----
Throwing       | 2 |  2.8
Stealth        | 1 2 |  2.7
Dodging        | 3 |  3.0
Fighting       | 3 |  3.4
Armour         | 1 |  1.2
Unarmed Combat | |  3.2

Action                     |  1- 3 |  4- 6 || total
---------------------------+-------+-------++-------
  Melee: Unarmed           |    91 |    79 ||   170
         Punch             |       |     2 ||     2
 Armour: Leather armour    |    13 |       ||    13
         Plate armour      |    12 |    37 ||    49
  Dodge: Dodged            |    49 |    14 ||    63

Table legend: (Time is in decaauts)
 A = Elapsed time spent in this place.
 B = Non-inter-level travel time spent in this place.
 C = Inter-level travel time spent in this place.
 D = Time resting spent in this place.
 E = Time spent auto-exploring this place.
 F = Levels seen in this place.
 G = Mean time per level.
                   A        B        C        D        E       F      G
               +--------+--------+--------+--------+--------+-----+--------+
         Total |   2962 |   2820 |    142 |      0 |   2425 |   4 |  740.5 |
       Dungeon |   2962 |   2820 |    142 |      0 |   2425 |   4 |  740.5 |
               +--------+--------+--------+--------+--------+-----+--------+

Top non-repeatable levels by time:
     D:2: 939 daAuts
     D:1: 841 daAuts
     D:3: 696 daAuts
     D:4: 484 daAuts
